 Dungeon Crawl Stone Soup version 0.25.0-1-g7eea58d2a3 (webtiles) character file.

Game seed: 16269076445091835556

25 DeadF the Sneak (level 2, -2/11 HPs)
             Began as a Felid Enchanter on June 14, 2020.
             Slain by an orc
             ... wielding a +0 flail
              (6 damage)
             ... on level 2 of the Dungeon.
             The game lasted 00:02:48 (1284 turns).

DeadF the Sneak (Felid Enchanter)                   Turns: 1284, Time: 00:02:49

Health: -2/11      AC:  1    Str:  4    XL:     2   Next: 82%
Magic:  1/6        EV: 19    Int: 16    God:
Gold:   3          SH:  0    Dex: 16    Spells: 2/5 levels left
                                        Lives:  0   Deaths: 0

rFire    . . .     SeeInvis +     - Unarmed
rCold    . . .     Gourm    .   (shield unavailable)
rNeg     . . .     Faith    .   (armour unavailable)
rPois    .         Spirit   .   (helmet unavailable)
rElec    .         Reflect  .   (cloak unavailable)
rCorr    .         Harm     .   (gloves unavailable)
MR       .....                  (boots unavailable)
Stlth    +++.......             (no amulet)
HPRegen  0.03/turn              (no ring)
MPRegen  0.10/turn              (no ring)

@: very slightly contaminated, quick
A: very small, no armour, no weapons or thrown items, stealth, claws 1, fangs 3,
see invisible, carnivore, speed 1, shaggy fur 1, slow metabolism 1, sharp paws
a: no special abilities


You were on level 2 of the Dungeon.
You were completely stuffed.

You visited 1 branch of the dungeon, and saw 2 of its levels.

You collected 3 gold pieces.

Inventory:

Scrolls
 a - a scroll of identify {unknown}
 c - a scroll of teleportation {unknown}
Potions
 d - a potion of curing {unknown}
Comestibles
 b - a ration


   Skills:
 + Level 3.7 Dodging
 + Level 4.9 Stealth
 - Level 1.0 Unarmed Combat
 - Level 2.0 Spellcasting
 - Level 4.4 Hexes


You had 2 spell levels left.
You knew the following spells:

 Your Spells              Type           Power        Failure   Level  Hunger
a - Corona                Hex            ###....      3%          1    #......
b - Ensorcelled Hibernat  Hex/Ice        #.....       13%         2    ###....

Your spell library contained the following spells:

 Spells                   Type           Power        Failure   Level  Hunger
 Confusing Touch          Hex            ###.....     11%         3    ###....
 Tukima's Dance           Hex            ###.....     11%         3    ###....
 Dazzling Flash           Conj/Hex       #.....       26%         3    ###....


Dungeon Overview and Level Annotations

Branches:
Dungeon (2/15)

Altars:


Innate Abilities, Weirdness & Mutations

You cannot wear armour.
You are incapable of wielding weapons or throwing items.
Your paws allow you to move quietly. (Stealth)
You have sharp claws.
You have razor-sharp teeth.
You have supernaturally acute eyesight. (SInv)
You are carnivorous and can eat meat at any time.
You cover ground quickly.
You are covered in fur. (AC +1)
You have a slow metabolism.
Your sharp claws are effective at attacking unaware monsters.


Message History

Confirm with . or Enter, or press ? or * to list all spells.
Aiming: Ensorcelled Hibernation (safe; 13% risk of failure)
Press: ? - help, Shift-Dir - straight line, f/p - jackal
Aim: a jackal (softly glowing, chance to defeat MR: 57%)
The jackal looks drowsy...
You pounce on the unaware helpless jackal!
You claw the jackal!
You kill the jackal!
Casting: Ensorcelled Hibernation (safe; 13% risk of failure)
Confirm with . or Enter, or press ? or * to list all spells.
You don't have enough magic to cast that spell.
Unknown command.
The kobold completely misses you.
An orc comes into view. It is wielding a +0 flail.
The orc shouts!
You hear a shout!
Found a scroll labeled GIOPPUIDOL.
A hobgoblin comes into view. It is wielding a -1 club.
You open the door. The orc hits you with a +0 flail.
Ouch! That really hurt!
You die...

##### ..>.#
#...# #...#
... #'#
###@###### #
#..o...?.#
#.##?#K#.####
###....#.#.#
...g....K..#
# ##..##..###
#. #......#
##.##.###..#
.....###..#


You could see an orc, a hobgoblin and 2 kobolds.

Vanquished Creatures
  2 dart slugs (D:1)
  2 ball pythons
  A bat (D:1)
  3 giant cockroaches (D:1)
  2 hobgoblins
  2 jackals
  A kobold (D:1)
  A frilled lizard (D:1)
  2 goblins (D:1)
  2 rats (D:1)
18 creatures vanquished.

Vanquished Creatures (others)
  4 toadstools (D:1)
4 creatures vanquished.

Grand Total: 22 creatures vanquished

Notes
Turn   | Place    | Note
-------+----------+-------------------------------------------
     0 | D:1      | DeadF the Felid Enchanter began the quest for the Orb.
     0 | D:1      | Reached XP level 1. HP: 7/7 MP: 4/4
   292 | D:1      | Reached XP level 2. HP: 11/11 MP: 6/6
  1236 | D:1      | Learned a level 2 spell: Ensorcelled Hibernation
  1284 | D:2      | Slain by an orc

Illustrated notes

Levels and vault maps discovered:
D:1:      ldierk_walled_garden_2, layout_rooms, grunt_decor_one_mirror
D:2:      layout_basic, serial_park_tiny_1

Skill      XL: |  1 |
---------------+----+-----
Dodging        | 3 |  3.7
Stealth        | |  4.9
Unarmed Combat | |  1.0
Spellcasting   | |  2.0
Hexes          | |  4.4

Action                   || total
-------------------------++-------
Melee: Unarmed           ||    69
       Bite              ||     5
 Cast: Corona            ||     3
       Ensorcelled Hiber ||     1
 Stab: Sleeping          ||     7
  Eat: Chunk             ||     8
Armor: Skin              ||     2
Dodge: Dodged            ||    75
